 Dungeon Crawl Stone Soup version 0.22-a0-69-g116c2a8 (webtiles) character file.

618 FRamirez the Covert (level 7, -6/51 HPs)
             Began as a Vampire Assassin on Jan 11, 2018.
             Was a Follower of Dithmenos.
             Mangled by Pikel
             ... wielding a +0 whip of electrocution
              (8 damage)
             ... on level 4 of the Dungeon.
             The game lasted 00:50:26 (5335 turns).

FRamirez the Covert (Vampire Assassin)              Turns: 5335, Time: 00:50:26

Health: -6/51      AC:  4    Str: 10      XL:     7   Next: 21%
Magic:  0/7        EV: 14    Int: 18      God:    Dithmenos [*.....]
Gold:   185        SH:  0    Dex: 16 (17) Spells: 6/6 levels left

rFire    x . .     SeeInvis +   a - +4 dagger
rCold    + + +     Gourm    .   (no shield)
rNeg     + + +     Faith    .   r - +0 leather armour
rPois    ∞         Spirit   +   (helmet restricted)
rElec    .         Reflect  .   d - +1 cloak
rCorr    .         Harm     .   u - +0 pair of gloves
MR       .....                  (no boots)
Stlth    +++++++...             j - amulet of guardian spirit
HPRegen  0.00/turn              v - ring of ice
MPRegen  0.10/turn              n - +4 ring of intelligence

@: bloodless, non-regenerating, wreathed by umbra
A: fangs 3, horns 1, see invisible, deformed body, deterioration 1, screaming 1,
unbreathing
a: Bat Form, Renounce Religion


You were on level 4 of the Dungeon.
You worshipped Dithmenos.
Dithmenos was aware of your devotion.
You were bloodless.

You visited 2 branches of the dungeon, and saw 6 of its levels.

You collected 185 gold pieces.

Inventory:

Hand Weapons
 a - a +4 dagger (weapon)
 b - a +0 blowgun
 h - a +2 dagger of chaos
 o - a +0 trident of freezing
Missiles
 e - 27 poisoned needles
 f - 2 curare-tipped needles
 p - 8 needles of confusion
Armour
 c - a +0 robe
 d - a +1 cloak (worn)
 r - a +0 leather armour (worn)
 u - a +0 pair of gloves (worn)
Jewellery
 j - an amulet of guardian spirit (around neck)
 n - a +4 ring of intelligence (right hand)
 v - a ring of ice (left hand)
Scrolls
 g - a scroll of teleportation
 i - 2 scrolls of blinking
 k - 5 scrolls of identify
 m - a scroll of remove curse


   Skills:
 + Level 2.7 Fighting
 + Level 4.5 Short Blades
 + Level 0.3 Polearms
 + Level 1.7 Throwing
 + Level 0.1 Armour
 + Level 4.0 Dodging
 + Level 9.9 Stealth
   Level 0.1 Evocations


You had 6 spell levels left.
You didn't know any spells.

Dungeon Overview and Level Annotations

Branches:
Dungeon (5/15)             Temple (1/1) D:4

Altars:
Dithmenos
Elyvilon
Fedhas
Gozag
Kikubaaqudgha
Nemelex Xobeh
Okawaru
Qazlal
Sif Muna
Uskayaw
Vehumet
Xom
Yredelemnul
Zin
The Shining One

Annotations:
D:4 Pikel


Innate Abilities, Weirdness & Mutations

You do not heal naturally.
You are immune to poison.
You have razor-sharp teeth.
You have supernaturally acute eyesight. (SInv)
You can survive without breathing.
You have a pair of small horns on your head.
Armour fits poorly on your strangely shaped body.
Your body sometimes deteriorates upon taking damage.
You occasionally shout uncontrollably at your foes.


Message History

You are too injured to fight recklessly!
You feel better. Pikel barely misses you.
You hit Pikel.
Pikel is moderately wounded.
Pikel hits you with a whip of electrocution.
You completely miss Pikel. You bite Pikel, but do no damage.
Pikel is moderately wounded.
Pikel hits you with a whip of electrocution.
You are electrocuted!
* * * LOW HITPOINT WARNING * * *
You hit Pikel.
Pikel is moderately wounded.
Pikel hits you with a whip of electrocution.
* * * LOW HITPOINT WARNING * * *
You closely miss Pikel. You headbutt Pikel, but do no damage.
Pikel is moderately wounded.
You hit Pikel but do no damage.
Pikel is moderately wounded.
Pikel hits you with a whip of electrocution!
You die...

≈.≈≈≈≈≈≈≈≈≈.≈≈≈...≈≈≈.≈....≈≈≈..≈
.................................
.................................
##.......####....................
#.#.............................
#.......####..................##
##>..p.K....#..................#
#......#.##.######.#.########'##
.......p.##.##..@KK#'######*#(#
#......####.##.####p.......*#.#
..........#.##..# #........*#.#
#########.#.8.#.# #........*#.###
.,,........(....# #........##.#..
#**#####..8[>.8####K..........#.(
.,,,...'.....[p....#..........)..
#####..#..#(8.####K#.............
#...#..#......KK..K#.............


You could see Pikel, a slave and a kobold.

Vanquished Creatures
  A slave (D:4)
  Blork the orc (D:4)
  5 crimson imps
  Crazy Yiuf (D:2)
  2 orc wizards
  An iguana (D:4)
  2 bullfrog skeletons (D:4)
  4 worker ants (D:4)
  A hound skeleton (D:2)
  A howler monkey skeleton (D:4)
  3 adders
  An ooze (D:2)
  4 dart slugs
  2 leopard geckos
  6 orcs
  2 giant cockroaches
  7 goblins
  5 hobgoblins
  2 jackals (D:3)
  4 kobolds
  4 bats
  3 frilled lizards
  A jackal skeleton (D:3)
  11 rats
74 creatures vanquished.

Notes
Turn   | Place    | Note
-------+----------+-------------------------------------------
     0 | D:1      | FRamirez the Vampire Assassin began the quest for the Orb.
     0 | D:1      | Reached XP level 1. HP: 16/16 MP: 1/1
    98 | D:1      | Reached skill level 6 in Stealth
   148 | D:1      | Reached XP level 2. HP: 22/22 MP: 2/2
   510 | D:2      | Found an opulent altar of Gozag.
   510 | D:2      | Found a shadowy altar of Dithmenos.
   513 | D:2      | Became a worshipper of Dithmenos the Shadowed
   569 | D:2      | Found a basalt altar of Yredelemnul.
   678 | D:2      | Reached skill level 7 in Stealth
   678 | D:2      | Reached XP level 3. HP: 27/27 MP: 3/3
  1171 | D:2      | Found a runed door.
  1175 | D:2      | Noticed Crazy Yiuf
  1189 | D:2      | Killed Crazy Yiuf
  1189 | D:2      | Reached skill level 8 in Stealth
  1189 | D:2      | Reached XP level 4. HP: 25/33 MP: 2/4
  1310 | D:2      | Found a glowing golden altar of the Shining One.
  1484 | D:3      | Found a radiant altar of Vehumet.
  1485 | D:3      | Reached * piety under Dithmenos
  1659 | D:3      | Found a shimmering altar of Xom.
  1711 | D:3      | Reached XP level 5. HP: 32/38 MP: 3/5
  1794 | D:3      | Found a deep blue altar of Sif Muna.
  2091 | D:3      | Reached skill level 9 in Stealth
  2393 | D:4      | Reached XP level 6. HP: 44/44 MP: 6/6
  2596 | D:4      | Gained mutation: Your body sometimes deteriorates upon taking damage. [potion of mutation]
  2596 | D:4      | Gained mutation: You occasionally shout uncontrollably at your foes. [potion of mutation]
  2596 | D:4      | Gained mutation: Armour fits poorly on your strangely shaped body. [potion of mutation]
  2596 | D:4      | Gained mutation: You have a pair of small horns on your head. [potion of mutation]
  2661 | D:4      | Found a staircase to the Ecumenical Temple.
  2667 | D:4      | Noticed Blork the orc
  2675 | Temple   | Entered the Ecumenical Temple
  3806 | D:4      | Killed Blork the orc
  3842 | D:5      | Entered Level 5 of the Dungeon
  4483 | D:4      | Reached XP level 7. HP: 18/51 MP: 3/7
  4627 | D:5      | Noticed Pikel
  4632 | D:4      | HP: 1/51 [Pikel/whip of electrocution (11)]
  5333 | D:4      | HP: 2/51 [Pikel/whip of electrocution (3)]
  5335 | D:4      | Mangled by Pikel

Vault maps used:
D:1:      dpeg_arrival_rhombus, kennysheep_nondescript
D:2:      marbit_many_paths, gammafunk_temple_overflow_elements,
          lemuel_crystal_altar, uniq_crazy_yiuf_cottage
D:3:      tgw_sif, led_xom_imps, vehumet_crystals, first_ration
D:4:      minmay_goblin_kobold_castle, minmay_temple_entry_statues_pillars,
          uniq_blork_the_orc, uniq_robin
D:5:      nicolae_overflow_hidden_temple, serial_glass, glass_columns_a,
          glass_columns_a, basic_altar, uniq_grinder, uniq_pikel
Temple:   nicolae_temple_x_marks_the_god

Skill      XL: |  1  2  3  4  5  6  7 |
---------------+----------------------+-----
Stealth        | 6 7 8 9 |  9.9
Short Blades   | 3 4 |  4.5
Fighting       | 2 |  2.7
Dodging        | 2 3 4 |  4.0
Polearms       | |  0.3
Throwing       | |  1.7
Armour         | |  0.1
Evocations     | |  0.1

Action                   |  1- 3 |  4- 6 |  7- 9 || total
-------------------------+-------+-------+-------++-------
Melee: Dagger            |    91 |   201 |    26 ||   318
       Bite              |     3 |    27 |     3 ||    33
       Unarmed           |       |     6 |       ||     6
       Trident           |       |    51 |    21 ||    72
       Headbutt          |       |    19 |    13 ||    32
 Fire: Blowgun           |     3 |       |       ||     3
 Abil: End Transformatio |       |     3 |     2 ||     5
       Bat Form          |       |     3 |     2 ||     5
Evoke: Wand              |       |     2 |     3 ||     5
  Use: Scroll            |     4 |     4 |     1 ||     9
       Potion            |     4 |     9 |     2 ||    15
 Stab: Sleeping          |    11 |     4 |       ||    15
       Distracted        |     1 |     1 |     1 ||     3
  Eat: Corpse            |     1 |     4 |     1 ||     6
Armor: Robe              |    10 |    43 |       ||    53
       Leather armour    |       |       |     9 ||     9
Dodge: Dodged            |    48 |   150 |    53 ||   251

Table legend:
 A = Spawn XP
 B = Non-spawn XP
 C = Spawn XP percentage of total XP
 D = Spawn monster count
 E = Non-spawn monster count
 F = Spawn count percentage of total count
 G = Total turns spent on level
                    A         B        C        D         E        F      G
               +---------+---------+-------+---------+---------+-------+---------
         Total |       0 |     884 |   0.0 |       0 |      73 |   0.0 |  5335
               +---------+---------+-------+---------+---------+-------+---------
           D:1 |       0 |      23 |   0.0 |       0 |      14 |   0.0 |   438
           D:2 |       0 |     103 |   0.0 |       0 |      18 |   0.0 |  1438
           D:3 |       0 |     267 |   0.0 |       0 |      19 |   0.0 |  1070
           D:4 |       0 |     488 |   0.0 |       0 |      21 |   0.0 |  1496
           D:5 |       0 |       3 |   0.0 |       0 |       1 |   0.0 |   425
               +---------+---------+-------+---------+---------+-------+---------
